 Dungeon Crawl Stone Soup version 0.25-a0-110-ge29c8f2358 (webtiles) character file.

Game seed: 2870965888054056335, levelgen mode: deterministic

1365 BitterPill the Chopper (level 8, 0/62 HPs)
             Began as a Formicid Fighter on Nov 20, 2019.
             Was a Follower of Uskayaw.
             Killed by divine providence
             ... invoked by an orc priest
              (14 damage)
             ... on level 6 of the Dungeon.
             The game lasted 00:09:45 (5086 turns).

BitterPill the Chopper (Formicid Fighter)           Turns: 5086, Time: 00:09:45

Health: 0/62       AC: 14    Str: 31    XL:     8   Next: 97%
Magic:  8/8        EV:  9    Int:  8    God:    Uskayaw [*.....]
Gold:   367        SH: 11    Dex: 10    Spells: 7/7 levels left

rFire    . . .     SeeInvis +   a - +0 war axe
rCold    . . .     Gourm    .   c - +0 shield
rNeg     + . .     Faith    .   b - +0 scale mail
rPois    +         Spirit   .   (helmet unavailable)
rElec    .         Reflect  .   u - +2 cloak
rCorr    .         Harm     .   h - +2 pair of gloves {Str+3}
MR       .....                  (no boots)
Stlth    ..........             (no amulet)
HPRegen  0.20/turn              y - ring of positive energy
MPRegen  0.11/turn              p - ring of wizardry

@: mighty, very slightly contaminated, invisible
A: permanent stasis, dig shafts and tunnels, four strong arms, antennae 3, fangs
1, poison resistance, evolution 1
a: Dig, Shaft Self, Stomp, Renounce Religion


You were on level 6 of the Dungeon.
You worshipped Uskayaw.
Uskayaw was noncommittal.
You were not hungry.

You visited 1 branch of the dungeon, and saw 6 of its levels.

You collected 367 gold pieces.

Inventory:

Hand Weapons
 a - a +0 war axe (weapon)
Missiles
 l - 6 javelins (quivered)
 C - 12 poisoned darts
Armour
 b - a +0 scale mail (worn)
 c - a +0 shield (worn)
 h - a +2 pair of gloves of strength (worn)
 j - the +2 ring mail of Wunn {+Blink rF- rC+}
   (You found it on level 5 of the Dungeon)

   It makes you vulnerable to fire.
   It protects you from cold.
   It lets you blink.
 u - a +2 cloak (worn)
Jewellery
 n - an uncursed ring of ice
 p - a ring of wizardry (right hand)
 y - a ring of positive energy (left hand)
 A - an uncursed ring of see invisible {unknown}
Wands
 x - a wand of polymorph (6)
Scrolls
 m - a scroll of fog {unknown}
 o - a scroll of fear {unknown}
 q - 4 scrolls of enchant armour {unknown}
 s - 2 scrolls of identify
 t - 5 scrolls of remove curse
 v - a scroll of enchant weapon {unknown}
 B - 2 scrolls of immolation {unknown}
Potions
 d - a potion of might
 e - a potion of curing
 g - 2 potions of haste
 i - 3 potions of lignification
 k - a potion of degeneration {unknown}
 w - a potion of brilliance {unknown}
 z - 2 potions of flight {unknown}
Comestibles
 f - 14 rations


   Skills:
 + Level 5.2 Fighting
 + Level 7.1 Axes
 + Level 1.0 Throwing
 + Level 6.2 Armour
 + Level 6.3 Shields


You had 7 spell levels left.
You didn't know any spells.
Your spell library was empty.

Dungeon Overview and Level Annotations

Branches:
Dungeon (6/15)             Temple (0/1) D:4

Altars:
Fedhas
Hepliaklqana
Nemelex Xobeh
Okawaru
Ru
Sif Muna
Uskayaw
Vehumet
Wu Jian
The Shining One

Annotations:
D:3 1 runed translucent door, exclusion: 2 downstairs, Crazy Yiuf
D:4 exclusion: downstairs
D:6 3 runed translucent doors, emiel's ghost, novice CeEE


Innate Abilities, Weirdness & Mutations

You cannot be hasted, slowed, berserked, paralysed or teleported.
You can dig through walls and to a lower floor.
Your four strong arms can wield two-handed weapons with a shield.
You have a pair of large antennae on your head. (SInv)
You have very sharp teeth.
Your system is resistant to poisons. (rPois)
You evolve.


Message History

Beogh smites you!
* * * LOW HITPOINT WARNING * * *
You closely miss the orc priest. Your bite misses the orc priest.
The orc priest is lightly wounded.
You completely miss the orc priest.
The orc priest hits you with a +0 hand axe.
* * * LOW HITPOINT WARNING * * *
The orc priest hits you but does no damage.
Unknown command.
You feel better.
The orc priest hits you but does no damage. x2
You fade into invisibility!
The orc priest closely misses you. x2
You are very lightly contaminated with residual magic.
You feel better. You block the orc priest's attack.
The orc priest hits you but does no damage.
You feel very mighty all of a sudden.
The orc priest invokes the aid of Beogh against you.
Beogh smites you!
You die...

(...#.#......##
...##.##......#
##.##.###...#.##
#......#....#..######
#.####.#.#.......#..###
......................
#.####.....###.##...##
#.# #.###.# #..#o...###
#.# #.# #.# #..@o......
..####.#
#.######.....##
#......# #..# .#.....
..###### ##.## #. .###
.## #..# ○§ # ## ####
§○° # ☼§# # ..# #


You could see 2 orc priests.

Vanquished Creatures
  Grinder (D:5)
  Menkaure (D:5)
  Edmund (D:6)
  A sky beast (D:6)
  A phantom (D:6)
  2 centaurs (D:5)
  A bullfrog (D:6)
  A scorpion (D:4)
  A crimson imp (D:5)
  2 centaur zombies (D:4)
  A hound (D:4)
  2 bullfrog skeletons
  An orc wizard (D:4)
  2 worker ants
  A hound zombie (D:4)
  A hound skeleton (D:4)
  A worker ant zombie (D:4)
  A gnoll (D:3)
  4 adders
  2 adder zombies
  An adder skeleton (D:5)
  2 worms
  2 dart slugs (D:1)
  7 leopard geckos
  5 orcs
  9 bats
  4 giant cockroaches
  10 goblins
  9 hobgoblins
  7 jackals (D:2)
  3 quokkas
  3 ball pythons
  2 frilled lizards
  15 kobolds
  A quokka zombie (D:4)
  9 rats
117 creatures vanquished.

Vanquished Creatures (others)
  An orc (D:6)
1 creature vanquished.

Grand Total: 118 creatures vanquished

Notes
Turn   | Place    | Note
-------+----------+-------------------------------------------
     0 | D:1      | BitterPill the Formicid Fighter began the quest for the
                  | Orb.
     0 | D:1      | Reached XP level 1. HP: 18/18 MP: 1/1
    49 | D:1      | Reached XP level 2. HP: 21/24 MP: 2/2
   115 | D:1      | Reached XP level 3. HP: 22/29 MP: 3/3
   839 | D:2      | Reached XP level 4. HP: 33/37 MP: 4/4
  1057 | D:2      | Reached skill level 3 in Axes
  1286 | D:2      | Reached XP level 5. HP: 23/42 MP: 5/5
  1292 | D:2      | Found an iron altar of Okawaru.
  1463 | D:2      | Found a blossoming altar of Fedhas.
  1463 | D:2      | Found a sacrificial altar of Ru.
  1465 | D:2      | Found a sparkling altar of Nemelex Xobeh.
  1465 | D:2      | Found a radiant altar of Vehumet.
  1467 | D:2      | Found a hazy altar of Hepliaklqana.
  1467 | D:2      | Found a hide-covered altar of Uskayaw.
  1468 | D:2      | Found an ornate altar of the Wu Jian Council.
  1475 | D:2      | Became a worshipper of Uskayaw the Reveler
  1517 | D:2      | Reached * piety under Uskayaw
  2021 | D:3      | Found a runed translucent door.
  2022 | D:3      | Noticed Crazy Yiuf
  2204 | D:3      | Reached ** piety under Uskayaw
  2441 | D:3      | Found a shimmering blue altar of Sif Muna.
  2648 | D:4      | Found a staircase to the Ecumenical Temple.
  2648 | D:4      | Noticed an ogre
  3300 | D:4      | Reached skill level 4 in Axes
  3300 | D:4      | Reached XP level 6. HP: 48/48 MP: 6/6
  3642 | D:4      | Reached XP level 7. HP: 53/54 MP: 7/7
  3808 | D:4      | Gained mutation: Your system is resistant to poisons.
                  | (rPois) [potion of mutation]
  3808 | D:4      | Gained mutation: You are weak. (Str -2) [potion of
                  | mutation]
  3808 | D:4      | Gained mutation: You have very sharp teeth. [potion of
                  | mutation]
  3808 | D:4      | Gained mutation: You have sharp fingernails. [potion of
                  | mutation]
  3841 | D:4      | Found a glowing golden altar of the Shining One.
  4016 | D:5      | Entered Level 5 of the Dungeon
  4028 | D:5      | Got a pitted ring mail
  4039 | D:5      | Identified the +2 ring mail of Wunn {+Blink rF- rC+} (You
                  | found it on level 5 of the Dungeon)
  4064 | D:5      | Reached skill level 5 in Shields
  4130 | D:5      | Reached skill level 5 in Axes
  4130 | D:5      | Reached skill level 5 in Armour
  4242 | D:5      | Noticed Grinder
  4322 | D:5      | Lost mutation: You are weak. (Str -2) [potion of mutation]
  4322 | D:5      | Lost mutation: You have sharp fingernails. [potion of
                  | mutation]
  4322 | D:5      | Gained mutation: You evolve. [potion of mutation]
  4370 | D:5      | Reached *** piety under Uskayaw
  4371 | D:5      | Killed Grinder
  4426 | D:5      | Reached XP level 8. HP: 61/61 MP: 8/8
  4596 | D:5      | Reached skill level 6 in Axes
  4642 | D:5      | Noticed Menkaure
  4658 | D:5      | Killed Menkaure
  4929 | D:6      | Reached skill level 5 in Fighting
  4930 | D:6      | Found a runed translucent gate.
  4943 | D:6      | Noticed Edmund
  4969 | D:6      | Killed Edmund
  4985 | D:6      | Reached skill level 7 in Axes
  4996 | D:6      | Reached skill level 1 in Throwing
  5043 | D:6      | Noticed emiel's ghost (novice CeEE)
  5044 | D:6      | Found a runed translucent gate.
  5044 | D:6      | Found a runed translucent gate.
  5082 | D:6      | HP: 1/62 [orc priest/+0 hand axe (5)]
  5086 | D:6      | Killed from afar by an orc priest

Levels and vault maps discovered:
D:1:      nicolae_arrival_memento_mori, layout_basic
D:2:      layout_basic, grunt_temple_overflow_open,
          chequers_serial_rivers_small_3, minmay_3d_cube
D:3:      layout_loops_ring, lemuel_blue_sif_altar, hangedman_decor_riveting,
          st_stairs_7, kennysheep_generic_room_8, uniq_crazy_yiuf_cottage
D:4:      layout_loops_ring, minmay_temple_entry_glass, serial_undead,
          serial_undead_e, serial_undead_e, serial_undead_b, serial_undead_c,
          nicolae_tso_swordbearing_angel
D:5:      layout_rooms, first_ration, uniq_grinder, uniq_menkaure
D:6:      layout_rooms, ebering_ghost_rock_garden, lemuel_flame_loot_1,
          uniq_edmund, uniq_prince_ribbit1

Skill      XL: |  1  2  3  4  5  6  7  8 |
---------------+-------------------------+-----
Shields        | 4 5 6 |  6.3
Axes           | 3 4 5 7 |  7.1
Armour         | 4 5 6 |  6.2
Fighting       | 4 5 |  5.2
Throwing       | 1 |  1.0

Action                   |  1- 3 |  4- 6 |  7- 9 || total
-------------------------+-------+-------+-------++-------
Melee: War axe           |   112 |   203 |   134 ||   449
       Bite              |       |       |    16 ||    16
       Unarmed           |       |       |     3 ||     3
Throw: Javelin           |       |       |     6 ||     6
  Use: Scroll            |     2 |     3 |     3 ||     8
       Potion            |       |       |     6 ||     6
 Stab: Paralysed         |       |       |     2 ||     2
  Eat: Chunk             |       |     6 |     5 ||    11
       Ration            |       |     1 |       ||     1
Armor: Scale mail        |    32 |    39 |    52 ||   123
       Ring mail         |     8 |    70 |       ||    78
Dodge: Dodged            |    45 |    86 |    46 ||   177
Block: Shield            |    60 |   130 |    64 ||   254

Table legend:
 A = Non-vault XP
 B = Vault XP
 C = Vault XP percentage of total XP
 D = Non-vault monster count
 E = Vault monster count
 F = Vault count percentage of total count
                 A         B        C        D         E       F
            +---------+---------+-------+---------+---------+-------
      Total |    1153 |     797 |  40.9 |      98 |      19 |  16.2
            +---------+---------+-------+---------+---------+-------
        D:1 |      65 |       0 |   0.0 |      34 |       0 |   0.0
        D:2 |      85 |      21 |  19.8 |      31 |       5 |  13.9
        D:3 |      15 |      22 |  59.5 |       8 |       5 |  38.5
        D:4 |     220 |     134 |  37.9 |       8 |       6 |  42.9
        D:5 |     377 |     458 |  54.9 |      11 |       2 |  15.4
        D:6 |     391 |     162 |  29.3 |       6 |       1 |  14.3
            +---------+---------+-------+---------+---------+-------
